 Dungeon Crawl Stone Soup version 0.31-a0-700-gf13585253f (webtiles) character file.

Game seed: 5452988780289381625

168 qw the Shooter (level 5, -2/32 HPs)
             Began as a Gargoyle Hunter on Sept 7, 2023.
             Slain by an orc
             ... wielding a +0 club
              (4 damage)
             ... on level 3 of the Dungeon.
             The game lasted 00:00:59 (2048 turns).

qw the Shooter (Gargoyle Hunter)                    Turns: 2048, Time: 00:00:59

Health: -2/32      AC: 12    Str: 15    XL:     5   Next: 48%
Magic:  5/5        EV: 11    Int:  9    God:
Gold:   126        SH:  0    Dex: 15    Spells: 4/4 levels left

rFire   . . .        Y - +0 shortbow
rCold   . . .        (shield currently unavailable)
rNeg    + . .        i - +0 ring mail
rPois   inf          (no helmet)
rElec   +            g - +2 cloak {Will+}
rCorr   .            (no gloves)
SInv    .            (no boots)
Will    +....        (no amulet)
Stlth   +            (no ring)
HPRegen 0.25/turn    (no ring)
MPRegen 0.09/turn

%: no passive effects
@: no status effects
A: sickness immunity, AC +4, negative energy resistance 1, electricity
resistance, torment resistance 1, petrification resistance
a: no special abilities


You were on level 3 of the Dungeon.
You visited 1 branch of the dungeon, and saw 3 of its levels.

You collected 126 gold pieces.


Innate Abilities, Weirdness & Mutations

You are immune to sickness and miasma.
Your stone body is resilient. (AC +4)
You are immune to poison.
You resist negative energy. (rN+)
You are resistant to electric shocks. (rElec)
You are resistant to unholy torment.
You are immune to petrification.


   Skills:
 + Level 3.3 Fighting
 - Level 6.0 Ranged Weapons
 - Level 1.0 Armour
 - Level 1.5 Dodging
 - Level 1.1 Stealth


You had 4 spell levels left.
You didn't know any spells.
Your spell library was empty.

Inventory:

Hand Weapons
 Y - a +0 shortbow (weapon)
Armour
 g - a +2 cloak of willpower (worn)
 i - a +0 ring mail (worn)
Scrolls
 b - 2 scrolls of identify
Potions
 a - a potion of might {unknown}
 e - a potion of haste {unknown}
 h - a potion of brilliance {unknown}
 j - a potion of ambrosia {unknown}

Dungeon Overview and Level Annotations

Branches:
Dungeon (3/15)

Altars:

Shops:
D:1 (

Annotations:
D:2 Sigmund
D:3 Grinder


Message History

Grinder gestures at you. You resist with almost no effort. Grinder hits you.
You shoot an arrow. The arrow barely misses Grinder.
Grinder gestures at you. Pain shoots through your body!
You shoot an arrow. The arrow hits Grinder.
Grinder is heavily wounded.
Grinder hits you.
You shoot an arrow. The arrow closely misses Grinder.
Grinder zaps a wand.
The puff of flame hits you. The orc hits you but does no damage.
You shoot an arrow. The arrow hits Grinder!
Grinder is severely wounded.
The orc barely misses you. Grinder completely misses you.
You shoot an arrow. The arrow hits Grinder.
Grinder is severely wounded.
The orc hits you with a +0 club. Grinder gestures at you.
Pain shoots through your body! The orc closely misses you.
Grinder zaps a wand.
The puff of flame hits you!
You shoot an arrow. The arrow hits Grinder.
Grinder is almost dead.
Grinder closely misses you. The orc barely misses you.
You shoot an arrow.
The arrow hits Grinder but does no damage.
Grinder is almost dead.
The orc hits you with a +0 club. Grinder hits you but does no damage.
You shoot an arrow.
The arrow hits Grinder but does no damage.
Grinder is almost dead.
Grinder misses you. The orc hits you but does no damage.
You shoot an arrow. The arrow closely misses Grinder.
The orc hits you but does no damage. Grinder barely misses you.
You shoot an arrow. The arrow closely misses Grinder.
The orc hits you with a +0 club. Grinder hits you but does no damage.
The orc hits you but does no damage.
Grinder blinks!
You shoot an arrow.
The arrow hits the orc but does no damage.
The orc hits you with a +0 club.
You die...

....... #...5.#
#.....# #.....#
#.....#
###.....# ##
.......o#..#
########@#.#####
............>...
########.#.#.###
#.#.#.# #.....#
...####.....#
.....).)....#
...#####....#
......)....#


You could see Grinder and an orc.

Vanquished Creatures
  A gnoll (D:2)
  8 adders
  2 worms (D:2)
  2 dart slugs (D:1)
  6 orcs (D:3)
  6 bats
  5 endoplasms
  2 giant cockroaches
  7 goblins
  10 hobgoblins
  7 ball pythons
  5 frilled lizards
  5 kobolds
  4 rats
70 creatures vanquished.

Notes
Turn   | Place    | Note
-------+----------+-------------------------------------------
     0 | D:1      | qw the Gargoyle Hunter began the quest for the Orb.
     0 | D:1      | Reached XP level 1. HP: 12/12 MP: 1/1
     0 | D:1      | 0 ||| qw: Version: 0.3-a-76-g4403597
     0 | D:1      | 0 ||| qw: Game counter: 722
     0 | D:1      | 0 ||| qw: Melee chars always use a shield: true
     0 | D:1      | 0 ||| qw: God list: Okawaru
     0 | D:1      | 0 ||| qw: Allow faded altars: false
     0 | D:1      | 0 ||| qw: Do Orc after clearing Dungeon:15 true
     0 | D:1      | 0 ||| qw: Do second Lair branch before Depths: true
     0 | D:1      | 0 ||| qw: Lair rune preference: random
     0 | D:1      | 0 ||| qw: Goals: Normal
     0 | D:1      | 0 ||| PLANNING D:1-11
   156 | D:1      | Reached XP level 2. HP: 17/17 MP: 2/2
   182 | D:1      | Found Paiwaa's Antique Weapon Emporium.
   517 | D:1      | Reached XP level 3. HP: 21/21 MP: 3/3
   530 | D:1      | Found a faded altar of an unknown god.
   636 | D:1      | Reached skill level 5 in Ranged Weapons
   724 | D:1      | 724 ||| UPGRADING to +2 cloak of willpower.
   729 | D:1      | 729 ||| READING scroll labelled HUOPOM QUBLOE.
   733 | D:1      | 733 ||| READING scroll labelled NAQUPNIPLI.
   734 | D:1      | 734 ||| READING scroll labelled TYRESK AXASY.
   735 | D:1      | 735 ||| READING scroll labelled ZELEUPLOLI.
   753 | D:1      | 753 ||| DROPPING scroll of butterflies.
  1138 | D:2      | Reached skill level 3 in Fighting
  1158 | D:2      | Reached XP level 4. HP: 28/28 MP: 4/4
  1268 | D:2      | Noticed Sigmund
  1278 | D:2      | HP: 3/28 [Sigmund/+0 scythe (7)]
  1279 | D:2      | 1279 ||| READING scroll of teleportation.
  1678 | D:2      | 1678 ||| UPGRADING to +0 ring mail.
  1688 | D:2      | 1688 ||| DROPPING +0 leather armour.
  1689 | D:2      | 1689 ||| READING scroll labelled POTZE TASUAXEN.
  1690 | D:2      | 1690 ||| READING scroll labelled UJAMUTHOEPP.
  1691 | D:2      | 1691 ||| READING scroll labelled KOKLYPHACEL.
  1692 | D:2      | 1692 ||| READING scroll labelled OMMYING YDGHUNN.
  1777 | D:3      | Reached skill level 1 in Armour
  1910 | D:3      | Reached XP level 5. HP: 32/32 MP: 5/5
  1936 | D:3      | Reached skill level 6 in Ranged Weapons
  2032 | D:3      | Noticed Grinder
  2042 | D:3      | HP: 2/32 [Grinder/puff of flame (7)]
  2047 | D:3      | HP: 2/32 [orc/+0 club (1)]
  2048 | D:3      | Slain by an orc

Levels and vault maps discovered:
D:1:      wheals_arrival_linesprint, layout_loops_cross,
          shapermc_ecumenical_altar_mp_vishouse, serial_shops,
          nicolae_shop_real_fake_doors
D:2:      layout_basic, minmay_quantized, uniq_sigmund
D:3:      layout_basic, mainiacjoe_overflow_alcove_4, nicolae_half_adder,
          uniq_jessica, uniq_grinder, uniq_crazy_yiuf_cottage

Skill      XL: |  1  2  3  4  5 |
---------------+----------------+-----
Ranged Weapons | 5 6 |  6.0
Fighting       | 3 |  3.3
Armour         | 1 |  1.0
Dodging        | |  1.5
Stealth        | |  1.1

Action                     |  1- 3 |  4- 6 || total
---------------------------+-------+-------++-------
   Fire: Shortbow          |   104 |   158 ||   262
    Use: Scroll            |     4 |     5 ||     9
 Armour: Leather armour    |    18 |     9 ||    27
         Ring mail         |       |    55 ||    55
  Dodge: Dodged            |    16 |    55 ||    71

Table legend:
 A = Non-vault XP
 B = Vault XP
 C = Vault XP percentage of total XP
 D = Non-vault monster count
 E = Vault monster count
 F = Vault count percentage of total count
                 A         B        C        D         E       F
            +---------+---------+-------+---------+---------+-------
      Total |     166 |      74 |  30.8 |      61 |       9 |  12.9
            +---------+---------+-------+---------+---------+-------
        D:1 |      42 |       0 |   0.0 |      24 |       0 |   0.0
        D:2 |      63 |      19 |  23.2 |      20 |       5 |  20.0
        D:3 |      61 |      55 |  47.4 |      17 |       4 |  19.0
            +---------+---------+-------+---------+---------+-------
